 Dungeon Crawl Stone Soup version 0.26-a0-812-g31a745ddcd (webtiles) character file.

Game seed: 2641262198543827605

870 night the Grave Robber (level 7, -6/49 HPs)
             Began as a Demonspawn Necromancer on Nov 30, 2020.
             Killed by nerve-wracking pain
             ... invoked by an orc priest
              (14 damage)
             ... on level 5 of the Dungeon on Dec 1, 2020.
             The game lasted 00:23:30 (8082 turns).

night the Grave Robber (Demonspawn Necromancer)     Turns: 8082, Time: 00:23:30

Health: -6/49      AC:  3    Str:  8    XL:     7   Next: 73%
Magic:  14/14      EV: 12    Int: 22    God:
Gold:   200        SH:  0    Dex: 13    Spells: 2/16 levels left

rFire    . . .     SeeInvis .   y - +9 dagger "Neoxuth" {pain, Int+3}
rCold    + . .     Faith    .   (no shield)
rNeg     . . .     Spirit   .   z - +0 leather armour (curse)
rPois    .         Reflect  .   (helmet restricted)
rElec    .         Harm     .   (no cloak)
rCorr    .         Rampage  .   (no gloves)
MR       .....                  (no boots)
Stlth    ++........             (no amulet)
HPRegen  0.16/turn              (no ring)
MPRegen  0.14/turn              (no ring)

@: about to teleport
A: antennae 1, cold resistance 1, spiny 2
a: no special abilities


You were on level 5 of the Dungeon.
You visited 1 branch of the dungeon, and saw 5 of its levels.

You collected 305 gold pieces.
You spent 105 gold pieces at shops.

Inventory:

Hand Weapons
 d - a +0 dagger
 l - a +0 hunting sling
 t - a +0 fustibalus
 y - the +9 dagger "Neoxuth" (weapon) {pain, Int+3}
   (You found it on level 4 of the Dungeon)

   In the hands of one skilled in necromantic magic, it inflicts extra damage on
   living creatures.
   It affects your intelligence (+3).
Missiles
 c - 12 boomerangs (quivered)
 f - 4 curare-tipped darts
 u - 168 stones
 x - 29 sling bullets
Armour
 a - a +0 robe
 z - a cursed +0 leather armour (worn)
Wands
 s - a wand of iceblast (10)
 A - a wand of enslavement (7)
 B - a wand of acid (5)
Scrolls
 e - 2 scrolls of teleportation
 i - a scroll of fear
 j - a scroll of enchant weapon {unknown}
 n - a scroll of amnesia {unknown}
 q - a scroll of remove curse {unknown}
 r - a scroll of magic mapping {unknown}
 v - a scroll of blinking
 C - a scroll of immolation {unknown}
Potions
 b - a potion of resistance
 g - 4 potions of heal wounds
 h - 4 potions of flight
 k - a potion of degeneration
 m - 2 potions of curing
 o - a potion of mutation
 p - 2 potions of ambrosia
 w - a potion of attraction {unknown}


   Skills:
 + Level 1.8 Fighting
 + Level 1.6 Short Blades
 - Level 2.4 Dodging
 - Level 2.5 Stealth
 + Level 5.3 Spellcasting
 + Level 7.5 Necromancy


You had 2 spell levels left.
You knew the following spells:

 Your Spells              Type           Power        Failure   Level
a - Pain                  Necr           ####         1%          1
b - Animate Skeleton      Necr           #####.       1%          1
c - Vampiric Draining     Necr           #####.....   1%          3
d - Animate Dead          Necr           #####.....   6%          4
e - Agony                 Necr           #####...     19%         5

Your spell library contained the following spells:

 Spells                   Type           Power        Failure   Level


Dungeon Overview and Level Annotations

Branches:
Dungeon (5/15)
 Temple: D:4-7

Altars:
The Shining One

Shops:
D:4 ?


Innate Abilities, Weirdness & Mutations

You have a pair of small antennae on your head.
Your flesh is cold resistant. (rC+)
You are mostly covered in sharp spines.


Message History

The orc blinks! x3; The bullfrog zombie blinks!
You blink. 3 orcs come into view.
Found a potion of curing.
The orc shouts!
The orc shouts!
A worker ant comes into view.
The bullfrog is struck by your spines. The bullfrog hits you.
The bullfrog is struck by your spines. The bullfrog hits you!
The orc hits you with a +0 flail!
* * * LOW HITPOINT WARNING * * *
The bullfrog closely misses you.
The bullfrog releases a deep croak.
The bullfrog is struck by your spines. The bullfrog closely misses you.
Unknown command.
Unknown command.
As you read the scroll of teleportation, it crumbles to dust.
You feel strangely unstable.
The orc priest calls down the wrath of Beogh upon you.
Pain shoots through your body!
You die...

#.....#.. o....#.. #...### .
##..oo...##### #...#.#. ...
............. .#.B. ............
.. .........#...... ......##.....
#.##.(..#..##......
..##...##.....#.#......#.##......
..............#....#.###.##.#..#.
.#................#####.....#..#.
.##..........##.@Fo...##.........
###..........###.oo..ooo...o...##
.............###.o.....####......
....### #....#.........#.##......
...#######................#Z.....
..##.....##......................
..##.....##............#.........
#.##.....##.................#....
#.##.....##......#....#....##!..#


You could see a bullfrog, an orc priest and 6 orcs.

Vanquished Creatures
  A sky beast (D:5)
  2 gnoll sergeants (D:5)
  A howler monkey (D:4)
  3 hounds
  An orc priest (D:4)
  4 orc wizards
  Natasha (thrice) (D:2)
  An iguana (D:4)
  A hound skeleton (D:4)
  A howler monkey skeleton (D:5)
  3 adders
  13 gnolls
  2 oozes
  An adder skeleton (D:4)
  A worm (D:3)
  6 dart slugs
  3 leopard geckos
  8 orcs
  3 giant cockroaches
  15 goblins
  8 hobgoblins
  5 jackals
  12 kobolds
  3 quokkas
  11 bats
  5 frilled lizards
  A jackal skeleton (D:4)
  A quokka skeleton (D:4)
  6 rats
125 creatures vanquished.

Vanquished Creatures (collateral kills)
  2 worms (D:2)
  A giant cockroach (D:3)
  A hobgoblin (D:1)
4 creatures vanquished.

Vanquished Creatures (others)
  A gnoll (D:5)
1 creature vanquished.

Grand Total: 130 creatures vanquished

Notes
Turn   | Place    | Note
-------+----------+-------------------------------------------
     0 | D:1      | night the Demonspawn Necromancer began the quest for the
                  | Orb.
     0 | D:1      | Reached XP level 1. HP: 13/13 MP: 3/3
     2 | D:1      | Learned a level 1 spell: Animate Skeleton
   350 | D:1      | Reached skill level 2 in Stealth
   412 | D:1      | Reached skill level 2 in Dodging
   412 | D:1      | Gained mutation: You are partially covered in sharp spines.
                  | [demonic ancestry]
   412 | D:1      | Reached XP level 2. HP: 13/19 MP: 5/5
  1130 | D:1      | Reached XP level 3. HP: 24/24 MP: 6/6
  1179 | D:1      | Learned a level 3 spell: Vampiric Draining
  1264 | D:2      | HP: 3/24 [gnoll/+0 whip (3)]
  1602 | D:2      | HP: 2/24 [worm (10)]
  2459 | D:1      | Reached XP level 4. HP: 26/30 MP: 4/7
  2514 | D:2      | Reached skill level 5 in Necromancy
  2517 | D:2      | Noticed Natasha
  2643 | D:2      | Killed Natasha
  2954 | D:2      | Noticed Natasha
  2992 | D:2      | Killed Natasha
  2992 | D:2      | Gained mutation: You have a pair of small antennae on your
                  | head. [demonic ancestry]
  2992 | D:2      | Reached XP level 5. HP: 24/35 MP: 4/9
  3312 | D:2      | Learned a level 4 spell: Animate Dead
  3345 | D:2      | Noticed Natasha
  3350 | D:2      | Killed Natasha
  3727 | D:3      | Found a glowing golden altar of the Shining One.
  4748 | D:3      | Reached skill level 6 in Necromancy
  5083 | D:3      | Gained mutation: You are mostly covered in sharp spines.
                  | [demonic ancestry]
  5083 | D:3      | Reached XP level 6. HP: 41/41 MP: 11/11
  5577 | D:4      | Found Yssurph's Magic Scroll Boutique.
  6072 | D:4      | Bought a scroll of blinking for 105 gold pieces
  6494 | D:4      | Gained mutation: Your flesh is cold resistant. (rC+)
                  | [demonic ancestry]
  6494 | D:4      | Reached XP level 7. HP: 46/46 MP: 5/14
  7286 | D:4      | Reached skill level 7 in Necromancy
  7361 | D:4      | Got a warped dagger
  7361 | D:4      | Identified the +9 dagger "Neoxuth" {pain, Int+3} (You found
                  | it on level 4 of the Dungeon)
  7493 | D:4      | Learned a level 5 spell: Agony
  7513 | D:5      | Entered Level 5 of the Dungeon
  7662 | D:5      | Reached skill level 5 in Spellcasting
  7666 | D:5      | Reached skill level 1 in Fighting
  7770 | D:5      | Reached skill level 1 in Short Blades
  8079 | D:5      | HP: 7/49 [orc/+0 flail (9)]
  8082 | D:5      | Killed from afar by an orc priest

Illustrated notes

Levels and vault maps discovered:
D:1:      mrwooster_arrival_statue_2, layout_rooms
D:2:      cheibrodos_greedy_goblins, layout_loops_ring, uniq_natasha
D:3:      minmay_wonky_spiral, layout_loops_cross, overflow_temple_1_default,
          st_stairs_1, minmay_misc_feat_five
D:4:      layout_basic, serial_shops, nicolae_shop_crystal, grunt_ministairs_3,
          hangedman_abyss_or_decor_passed, kennysheep_generic_room_5
D:5:      layout_cave_pools, serial_gnoll_camp, gnoll_camp_medium_02,
          gnoll_camp_mini_loothouse, gnoll_camp_mini_basic,
          gnoll_camp_mini_house, gnoll_camp_mini_doghouse, grums_kennel,
          nemelex_xobeh_ov_fountains_minmay

Skill      XL: |  1  2  3  4  5  6  7 |
---------------+----------------------+-----
Stealth        | 2 |  2.5
Dodging        | 2 |  2.4
Necromancy     | 5 6 7 |  7.5
Spellcasting   | 3 4 5 |  5.3
Fighting       | 1 |  1.8
Short Blades   | 1 |  1.6

Action                   |  1- 3 |  4- 6 |  7- 9 || total
-------------------------+-------+-------+-------++-------
Melee: Unarmed           |    45 |       |       ||    45
       Dagger            |    81 |   121 |    48 ||   250
Throw: Boomerang         |    24 |     6 |       ||    30
 Cast: Pain              |    41 |    59 |    16 ||   116
       Animate Skeleton  |    14 |    23 |     7 ||    44
       Vampiric Draining |       |     7 |     1 ||     8
       Animate Dead      |       |     1 |     1 ||     2
Evoke: Wand              |       |       |     3 ||     3
  Use: Scroll            |       |     7 |     1 ||     8
 Stab: Sleeping          |     2 |     4 |     1 ||     7
       Distracted        |       |     1 |       ||     1
Armor: Robe              |    36 |    18 |     3 ||    57
       Leather armour    |       |       |     3 ||     3
Dodge: Dodged            |   117 |    85 |    32 ||   234

Table legend: (Time is in decaauts)
 A = Elapsed time spent in this place.
 B = Non-inter-level travel time spent in this place.
 C = Inter-level travel time spent in this place.
 D = Time resting spent in this place.
 E = Time spent auto-exploring this place.
 F = Levels seen in this place.
 G = Mean time per level.
                   A        B        C        D        E       F      G
               +--------+--------+--------+--------+--------+-----+--------+
         Total |   8281 |   7954 |    327 |   3030 |   3123 |   5 | 1656.2 |
       Dungeon |   8281 |   7954 |    327 |   3030 |   3123 |   5 | 1656.2 |
               +--------+--------+--------+--------+--------+-----+--------+

Top non-repeatable levels by time:
     D:2: 2762 daAuts
     D:1: 1766 daAuts
     D:3: 1729 daAuts
     D:4: 1455 daAuts
     D:5: 568 daAuts
